 Dungeon Crawl Stone Soup version 0.29.0-4-gdea44cf6ec (webtiles) character file.

Game seed: 11506824927577332996

72 qw the Sneak (level 4, -1/28 HPs)
             Began as a Gargoyle Delver on Sept 10, 2022.
             Slain by an iguana (5 damage)
             ... on level 4 of the Dungeon.
             The game lasted 00:00:26 (1321 turns).

qw the Sneak (Gargoyle Delver)                      Turns: 1321, Time: 00:00:27

Health: -1/28      AC:  6    Str: 18    XL:     4   Next: 26%
Magic:  4/4        EV: 11    Int: 10    God:
Gold:   47         SH:  0    Dex: 11    Spells: 3/3 levels left

rFire   . . .      SeeInvis .   Y - +0 hand axe
rCold   . . .      Faith    .   (no shield)
rNeg    + . .      Spirit   .   b - +0 leather armour
rPois   inf        Reflect  .   (no helmet)
rElec   +          Harm     .   (no cloak)
rCorr   .          Rampage  .   (no gloves)
Will    .....                   (no boots)
Stlth   +++.......              (no amulet)
HPRegen 0.09/turn               (no ring)
MPRegen 0.09/turn               (no ring)

@: no status effects
A: sickness immunity, AC +3, negative energy resistance 1, electricity
resistance, torment resistance 1, petrification resistance
a: no special abilities


You were on level 4 of the Dungeon.
You visited 1 branch of the dungeon, and saw 3 of its levels.

You collected 47 gold pieces.


Innate Abilities, Weirdness & Mutations

You are immune to sickness and miasma.
Your stone body is resilient. (AC +3)
You are immune to poison.
You resist negative energy. (rN+)
You are resistant to electric shocks. (rElec)
You are resistant to unholy torment.
You are immune to petrification.


   Skills:
 - Level 3.2 Fighting
 + Level 4.0 Axes
 - Level 1.5 Dodging
 - Level 5.4 Stealth


You had 3 spell levels left.
You didn't know any spells.
Your spell library was empty.

Inventory:

Hand Weapons
 c - a +0 flail
 Y - a +0 hand axe (weapon)
Armour
 b - a +0 leather armour (worn)
Jewellery
 d - a ring of wizardry
Wands
 g - a wand of digging (3)
Potions
 a - a potion of curing {unknown}
 e - a potion of invisibility {unknown}
 f - 3 potions of haste
 h - a potion of degeneration {unknown}

Dungeon Overview and Level Annotations

Branches:
Dungeon (5/15)
 Temple: D:4-7

Altars:
Nemelex Xobeh
Wu Jian

Shops:
D:5 *


Message History

1236 ||| Stepping ~*~*~tactically~*~*~ (stealth).
You now have enough gold to buy 2 black potions on D:5.
You can access your shopping list by pressing '$'.
You now have 34 gold pieces (gained 10).
A kobold is nearby!
1239 ||| Stepping ~*~*~tactically~*~*~ (stealth).
You now have 47 gold pieces (gained 13).
Things that are here:
a +0 dagger; 4 poisoned darts
Found an escape hatch in the ceiling.
There is an escape hatch in the ceiling here.
There is an open door here.
A quokka comes into view.
The quokka moves out of view.
Enter note:
Enter note: You slash the quokka!
You kill the quokka!
There is an open door here.
An iguana comes into view.
You hit the iguana.
The iguana is lightly wounded.
The iguana hisses menacingly.
The iguana bites you.
You barely miss the iguana.
The iguana is lightly wounded.
The iguana barely misses you. The iguana bites you!
You hit the iguana.
The iguana is moderately wounded.
The iguana bites you!
You hit the iguana.
The iguana is severely wounded.
The iguana closely misses you.
You hit the iguana but do no damage.
The iguana is severely wounded.
The iguana closely misses you.
You closely miss the iguana.
The iguana is severely wounded.
The iguana bites you.
You die...

..# .. .K# #...##
..#############....#
...................#
........%..........#
.............#.....
#'####.##...##...#
..####.####'##...####'##
................@l......
........................
........................
....###....###..####'###
....###....# #'## ..
................ ..
................. .
..................
.............


You could see an iguana.

Vanquished Creatures
  An iguana (D:4)
  2 adders (D:4)
  An ufetubus (D:4)
  4 orcs (D:4)
  A ball python (D:4)
  3 endoplasms (D:4)
  2 goblins (D:4)
  2 hobgoblins (D:4)
  A kobold (D:4)
  2 quokkas
19 creatures vanquished.

Vanquished Creatures (others)
  4 plants (D:4)
4 creatures vanquished.

Grand Total: 23 creatures vanquished

Notes
Turn   | Place    | Note
-------+----------+-------------------------------------------
     0 | D:5      | qw the Gargoyle Delver began the quest for the Orb.
     0 | D:5      | Reached XP level 1. HP: 14/14 MP: 1/1
     0 | D:5      | 0 ||| qw: Version: 0.1-a-116-g5d60599
     0 | D:5      | 0 ||| qw: Game counter: 9269
     0 | D:5      | 0 ||| qw: Always use a shield: true
     0 | D:5      | 0 ||| qw: God list: Okawaru
     0 | D:5      | 0 ||| qw: Allow faded altars: false
     0 | D:5      | 0 ||| qw: Do Orc after D:15 true
     0 | D:5      | 0 ||| qw: Do second Lair branch before Depths: true
     0 | D:5      | 0 ||| qw: Lair rune preference: random
     0 | D:5      | 0 ||| qw: Plans: Normal
     0 | D:5      | 0 ||| PLANNING D:1-11
     4 | D:5      | Found a sparkling altar of Nemelex Xobeh.
   375 | D:5      | Found Qaneydao's Assorted Antiques.
   384 | D:5      | 384 ||| SHOPLISTING 2 black potions (32 gold, have 4).
   384 | D:5      | 384 ||| SHOPLISTING amethyst potion (16 gold, have 4).
   384 | D:5      | 384 ||| SHOPLISTING runed robe (66 gold, have 4).
   384 | D:5      | 384 ||| SHOPLISTING scroll labelled ATAPEIHUO (18 gold,
                  | have 4).
   384 | D:5      | 384 ||| SHOPLISTING scroll labelled DEVILAX RUREGO (18
                  | gold, have 4).
   384 | D:5      | 384 ||| SHOPLISTING scroll labelled MUFISO GAOTZO (18 gold,
                  | have 4).
   428 | D:5      | 428 ||| READING scroll labelled XIFEEGH IGUKIUGHE.
   429 | D:5      | 429 ||| DROPPING scroll of fog.
   430 | D:5      | 430 ||| DROPPING scroll of magic mapping.
   431 | D:5      | 431 ||| DROPPING scroll of fear.
   451 | D:4      | Reached XP level 2. HP: 12/19 MP: 2/2
   580 | D:4      | 580 ||| Stepping ~*~*~tactically~*~*~ (stealth).
   593 | D:4      | Reached skill level 3 in Axes
   593 | D:4      | Reached XP level 3. HP: 11/23 MP: 3/3
   609 | D:4      | 609 ||| FLEEEEING.
   610 | D:4      | 610 ||| FLEEEEING.
   612 | D:4      | 612 ||| STAIRDANCE
   613 | D:3      | Found an ornate altar of the Wu Jian Council.
   764 | D:3      | Found a faded altar of an unknown god.
   783 | D:4      | 783 ||| Stepping ~*~*~tactically~*~*~ (stealth).
   784 | D:4      | 784 ||| Stepping ~*~*~tactically~*~*~ (stealth).
   786 | D:4      | 786 ||| Stepping ~*~*~tactically~*~*~ (stealth).
   787 | D:4      | 787 ||| Stepping ~*~*~tactically~*~*~ (stealth).
  1039 | D:4      | Reached XP level 4. HP: 28/28 MP: 4/4
  1170 | D:4      | 1170 ||| Stepping ~*~*~tactically~*~*~ (stealth).
  1172 | D:4      | 1172 ||| Stepping ~*~*~tactically~*~*~ (stealth).
  1173 | D:4      | 1173 ||| Stepping ~*~*~tactically~*~*~ (stealth).
  1181 | D:4      | 1181 ||| Stepping ~*~*~tactically~*~*~ (stealth).
  1182 | D:4      | 1182 ||| Stepping ~*~*~tactically~*~*~ (stealth).
  1183 | D:4      | 1183 ||| Stepping ~*~*~tactically~*~*~ (stealth).
  1184 | D:4      | 1184 ||| Stepping ~*~*~tactically~*~*~ (stealth).
  1186 | D:4      | 1186 ||| Stepping ~*~*~tactically~*~*~ (stealth).
  1187 | D:4      | 1187 ||| Stepping ~*~*~tactically~*~*~ (stealth).
  1192 | D:4      | 1192 ||| Stepping ~*~*~tactically~*~*~ (stealth).
  1227 | D:4      | 1227 ||| Stepping ~*~*~tactically~*~*~ (stealth).
  1229 | D:4      | 1229 ||| Stepping ~*~*~tactically~*~*~ (stealth).
  1236 | D:4      | 1236 ||| Stepping ~*~*~tactically~*~*~ (stealth).
  1239 | D:4      | 1239 ||| Stepping ~*~*~tactically~*~*~ (stealth).
  1318 | D:4      | HP: 4/28 [iguana (7)]
  1321 | D:4      | Slain by an iguana

Levels and vault maps discovered:
D:3:      layout_basic, nicolae_overflow_ecumenical_swirl
D:4:      black_bear_nest_2, layout_gridville, minmay_temple_entry_overgrown,
          gammafunk_ghost_mausoleum, st_stairs_1, serial_bayou_lagoon_a,
          minmay_misc_feat_encased, minmay_fractal_squares_5
D:5:      layout_basic, mainiacjoe_overflow_small_starburst, serial_shops,
          nicolae_shop_behind_doors, nicolae_shop_advertising_works
          [nicolae_subvault_shop_adworks], shop, grunt_decor_one_mirror,
          nicolae_shop_sticking_my_neck_out

Skill      XL: |  1  2  3  4 |
---------------+-------------+-----
Axes           | 2 3 4 |  4.0
Fighting       | |  3.2
Dodging        | |  1.5
Stealth        | |  5.4

Action                   |  1- 3 |  4- 6 || total
-------------------------+-------+-------++-------
Melee: Hand axe          |    55 |    23 ||    78
  Use: Scroll            |     1 |       ||     1
Armor: Leather armour    |    20 |    18 ||    38
Dodge: Dodged            |    34 |    32 ||    66

Table legend:
 A = Non-vault XP
 B = Vault XP
 C = Vault XP percentage of total XP
 D = Non-vault monster count
 E = Vault monster count
 F = Vault count percentage of total count
                 A         B        C        D         E       F
            +---------+---------+-------+---------+---------+-------
      Total |      43 |      61 |  58.7 |      12 |       7 |  36.8
            +---------+---------+-------+---------+---------+-------
        D:4 |      41 |      61 |  59.8 |      11 |       7 |  38.9
        D:5 |       2 |       0 |   0.0 |       1 |       0 |   0.0
            +---------+---------+-------+---------+---------+-------
